AoeStats
← Nahrimed

Fortress

509412276Analyzed
4v4 RM · 7d ago on Sep 26, 2026· 60m 17s· 8 players
Game mode
Random Map
Map size
Huge
Population
200
Speed
Normal
Resources
Standard
Victory
Conquest
Starting age
Dark Age
Ending age
Imperial Age
RankedLock teamsTeams togetherTeam positionsShared explorationLock speedFull tech treeHidden civsTurbo modeCheats
Victory
Defeat
🇹🇷 Franks · Türkiye
627
+16
🇺🇸 Khmer · United States
612
+17
🇦🇷 Slavs · Argentina
611
+17
🇦🇷 Britons · Argentina
519
+20
🇹🇷 Cumans · Türkiye
735
-23
🇨🇿 Teutons · Czechia
643
-18
🇺🇦 Japanese · Ukraine
592
-16
🇹🇷 Dravidians · Türkiye
520
-13
Mario Santos
7:20 Feudal Age
6:11 Loom
8:44 Double-Bit Axe
8:49 Horse Collar
10:15 Gold Mining
9:50 Man-at-Arms
12:42 Wheelbarrow
13:06 Loom
15:58 Castle Age
14:04 Man-at-Arms
15:13 Stone Mining
16:14 Scale Mail Armor
16:25 Forging
18:41 Squires
22:20 Redemption
23:22 Heavy Plow
23:34 Bow Saw
24:07 Fortified Wall
24:42 Hand Cart
24:18 Long Swordsman
26:20 Gold Shaft Mining
27:16 Sanctity
31:02 Imperial Age
28:18 Town Watch
28:40 Murder Holes
29:07 Ballistics
29:26 Caravan
30:29 Chain Mail Armor
30:49 Iron Casting
29:47 Pikeman
31:02 Fletching
32:29 Conscription
32:30 Halberdier
34:00 Detinets
34:01 Two-Handed Swordsman
35:31 Plate Mail Armor
36:07 Capped Ram
37:50 Chemistry
37:55 Blast Furnace
36:51 Bodkin Arrow
41:26 Crop Rotation
42:35 Champion
42:42 Champion
47:00 Scale Barding Armor
46:50 Elite Boyar
48:17 Chain Barding Armor
48:01 Town Patrol
48:48 Masonry
55:00 Plate Barding Armor
MoldyShelf59466
0:33 Loom
6:47 Feudal Age
8:00 Double-Bit Axe
7:59 Horse Collar
9:31 Wheelbarrow
11:34 Wheelbarrow
12:14 Forging
13:15 Town Watch
15:15 Scale Barding Armor
16:40 Stone Mining
19:29 Castle Age
18:17 Fletching
19:27 Gold Mining
22:20 Husbandry
22:49 Bow Saw
25:46 Chain Barding Armor
25:46 Hand Cart
25:36 Caravan
27:12 Heavy Plow
28:49 Gold Shaft Mining
31:01 Stone Shaft Mining
30:31 Town Patrol
34:36 Imperial Age
39:01 Double Crossbow
39:02 Tusk Swords
39:31 Heavy Scorpion
42:25 Iron Casting
51:59 Elite Ballista Elephant
55:47 Cavalier
59:07 Hoardings
Nahrimed
0:33 Loom
7:17 Feudal Age
7:52 Double-Bit Axe
7:59 Town Watch
9:30 Wheelbarrow
11:20 Gold Mining
11:24 Stone Mining
18:34 Castle Age
17:08 Forging
17:39 Scale Barding Armor
19:22 Husbandry
19:37 Bow Saw
20:03 Gold Shaft Mining
21:09 Hand Cart
21:10 Town Patrol
24:35 Caravan
27:33 Iron Casting
27:18 Chain Barding Armor
31:16 Imperial Age
31:31 Fortified Wall
31:17 Murder Holes
33:06 Cavalier
34:07 Conscription
34:49 Blast Furnace
34:46 Paladin
36:04 Plate Barding Armor
36:22 Chivalry
39:19 Masonry
39:30 Ballistics
40:11 Chemistry
43:02 Architecture
53:54 Hoardings
53:08 Arrowslits
ZURITA3570
0:47 Loom
8:18 Feudal Age
8:57 Double-Bit Axe
15:15 Castle Age
16:09 Bow Saw
15:58 Gold Mining
15:59 Stone Mining
16:07 Stone Mining
18:03 Wheelbarrow
20:19 Gold Shaft Mining
21:35 Hand Cart
27:50 Imperial Age
26:26 Caravan
26:23 Treadmill Crane
28:05 Forging
27:46 Fletching
27:57 Padded Archer Armor
30:15 Murder Holes
30:40 Ballistics
31:29 Iron Casting
31:22 Scale Barding Armor
31:18 Scale Mail Armor
32:11 Yeomen
33:32 Chemistry
33:59 Fortified Wall
34:05 Cavalier
34:46 Husbandry
36:45 Two-Man Saw
36:44 Capped Ram
39:28 Elite Longbowman
42:10 Blast Furnace
41:31 Chain Barding Armor
41:26 Chain Mail Armor
41:27 Leather Archer Armor
41:07 Bodkin Arrow
46:14 Heavy Scorpion
51:06 Heavy Mounted Crossbowman
51:07 Cranequins
57:10 Plate Barding Armor
57:05 Plate Mail Armor
57:05 Ring Archer Armor
56:36 Bracer
56:25 Arrowslits
56:31 Heated Shot
56:51 Masonry
56:47 Siege Engineers
56:48 Siphons
56:33 Guard Tower
Mea
6:55 Feudal Age
12:45 Wheelbarrow
15:19 Castle Age
13:33 Double-Bit Axe
15:13 Horse Collar
15:37 Stone Mining
17:48 Gold Mining
18:02 Caravan
17:24 Capped Ram
19:48 Bow Saw
21:17 Thumb Ring
21:46 Bloodlines
23:28 Hand Cart
22:48 Light Cavalry
25:13 Heavy Plow
32:32 Imperial Age
30:30 Masonry
30:42 Ballistics
35:22 Two-Man Saw
33:46 Hussar
34:50 Conscription
34:34 Steppe Husbandry
35:07 Murder Holes
36:03 Hoardings
47:14 Cuman Mercenaries
48:20 Cavalier
49:30 Paladin
zibo4074
1:21 Loom
9:47 Feudal Age
10:19 Double-Bit Axe
10:18 Horse Collar
14:29 Castle Age
12:50 Man-at-Arms
13:17 Arson
14:04 Stone Mining
15:55 Bow Saw
15:48 Heavy Plow
17:58 Elite Skirmisher
22:24 Squires
23:40 Wheelbarrow
23:10 Scale Mail Armor
23:21 Forging
23:12 Padded Archer Armor
23:36 Gold Mining
24:22 Stone Shaft Mining
28:42 Pikeman
32:51 Imperial Age
30:39 Hand Cart
30:12 Town Watch
30:30 Heated Shot
30:51 Masonry
32:06 Town Patrol
33:44 Elite Teutonic Knight
34:59 Hoardings
33:55 Sappers
34:47 Crenellations
34:48 Conscription
34:49 Ironclad
34:44 Gambesons
34:19 Long Swordsman
36:13 Chain Mail Armor
36:34 Iron Casting
35:50 Fletching
36:15 Leather Archer Armor
36:07 Scale Barding Armor
37:32 Crop Rotation
38:06 Two-Man Saw
38:31 Chemistry
37:52 Ballistics
37:43 Fortified Wall
37:19 Arrowslits
38:16 Plate Mail Armor
39:59 Halberdier
43:00 Bodkin Arrow
46:19 Onager
46:33 Heavy Mounted Crossbowman
Deman501
5:43 Loom
7:33 Feudal Age
12:05 Wheelbarrow
16:01 Castle Age
13:57 Horse Collar
14:06 Double-Bit Axe
14:16 Gold Mining
14:19 Stone Mining
14:04 Man-at-Arms
16:24 Forging
16:57 Scale Mail Armor
20:09 Hand Cart
21:04 Bow Saw
21:32 Gold Shaft Mining
23:49 Iron Casting
23:29 Chain Mail Armor
23:23 Heavy Plow
22:46 Pikeman
23:44 Long Swordsman
24:42 Padded Archer Armor
24:32 Fletching
25:02 Masonry
34:27 Imperial Age
32:25 Scale Barding Armor
32:45 Leather Archer Armor
32:26 Bodkin Arrow
34:14 Light Cavalry
34:56 Husbandry
36:38 Two-Man Saw
38:16 Coinage
38:04 Capped Ram
38:14 Cavalier
38:42 Elite Skirmisher
43:37 Chemistry
44:03 Plate Mail Armor
44:34 Blast Furnace
43:34 Bracer
44:05 Ring Archer Armor
43:56 Chain Barding Armor
46:05 Halberdier
47:00 Elite Samurai
李靖
Connection lost

Rejoining the realm…

Still unreachable

The connection could not be restored.

Session expired

The server has moved on; the page needs a fresh start.